 Dungeon Crawl Stone Soup version 0.30-a0-847-g17996783a1 (webtiles) character file.

Game seed: 16049775162386166767

108654 browni3141 the Impassioned (level 17, -3/102 HPs)
             Began as a Kobold Artificer on Mar 3, 2023.
             Was a Priest of Uskayaw.
             Slain by Saint Roka
             ... wielding a +4 heavy great sword
              (33 damage)
             ... on level 1 of the Depths.
             The game lasted 01:26:00 (34481 turns).

browni3141 the Impassioned (Kobold Artificer)      Turns: 34481, Time: 01:26:01

Health: -3/102     AC: 24    Str: 11    XL:     17   Next: 5%
Magic:  29/29      EV: 25    Int: 13    God:    Uskayaw [***...]
Gold:   1562       SH:  7    Dex: 28    Spells: 21/24 levels left

rFire   . . .      SeeInvis +    a - +1 rapier (venom)
rCold   . . .      Faith    +    Y - +0 buckler
rNeg    . . .      Spirit   .    G - +4 scale mail of Ferezyl {Dex+7}
rPois   .          Reflect  .    x - +2 hat {SInv}
rElec   .          Rampage  .    M - +1 cloak {Stlth+}
rCorr   .                        W - +0 pair of gloves
Will    +....                    N - +1 pair of boots
Stlth   +++++++                  k - amulet of faith
HPRegen 0.37/turn                y - +5 ring of evasion
MPRegen 0.21/turn                J - +4 ring of protection

@: no status effects
A: small, no large weapons, nightstalker 3
a: Renounce Religion, Stomp, Line Pass


You were on level 1 of the Depths.
You worshipped Uskayaw.
Uskayaw was most pleased with you.
You visited 5 branches of the dungeon, and saw 24 of its levels.
You also visited: Ossuary and Gauntlet.

You collected 2532 gold pieces.
You spent 970 gold pieces at shops.

Inventory:

Hand Weapons
 a - a +1 rapier of venom (weapon)
 b - the +4 dagger of the Scorned {flame, Dex+6}
   (You found it in a Gauntlet)

   Dex:       It affects your dexterity (+6).
 X - the +2 dagger "Adwymmoc" {flame, rC+ Stlth+}
   (You found it on level 13 of the Dungeon)

   rC:        It protects you from cold.
   Stlth:     It makes you more stealthy.
Missiles
 f - 2 throwing nets
 D - 30 poisoned darts (quivered)
Armour
 x - a +2 hat of see invisible (worn)
 G - the +4 scale mail of Ferezyl (worn) {Dex+7}
   (You found it on level 15 of the Dungeon)

   Dex:       It affects your dexterity (+7).
 M - a +1 cloak of stealth (worn)
 N - a +1 pair of boots (worn)
 R - a scarf of shadows
 W - a +0 pair of gloves (worn)
 Y - a +0 buckler (worn)
Jewellery
 k - an amulet of faith (around neck)
 y - a +5 ring of evasion (left hand)
 C - an amulet of guardian spirit
 I - a ring of willpower
 J - a +4 ring of protection (right hand)
 O - a +6 ring of intelligence
 Z - a ring of protection from cold
Wands
 c - a wand of flame (8)
 d - a wand of charming (26)
 e - a wand of iceblast (10)
 n - a wand of mindburst (5)
Scrolls
 g - 10 scrolls of magic mapping
 j - 4 scrolls of immolation
 v - 2 scrolls of poison
 A - 3 scrolls of vulnerability
 E - 3 scrolls of amnesia
 F - 7 scrolls of teleportation
 K - 7 scrolls of fog
 P - 5 scrolls of blinking
 Q - 6 scrolls of fear
 S - 2 scrolls of butterflies
Potions
 h - 7 potions of flight
 l - 3 potions of berserk rage
 m - 3 potions of attraction
 o - 6 potions of heal wounds
 p - 5 potions of lignification
 r - 4 potions of mutation
 s - 3 potions of resistance {unknown}
 t - 8 potions of curing
 u - 2 potions of brilliance {unknown}
 w - a potion of invisibility
 z - 3 potions of magic
 B - 4 potions of might {unknown}
 H - 3 potions of haste {unknown}
 L - 5 potions of degeneration {unknown}
 U - 2 potions of cancellation {unknown}
 V - a potion of ambrosia {unknown}
Miscellaneous
 i - a phantom mirror (inert)
 q - a piece from Xom's chessboard (12/15)
 T - a box of beasts (inert)


   Skills:
 - Level 10.0 Fighting
 - Level 14.0 Short Blades
 - Level 4.0 Throwing
 - Level 8.0 Armour
 - Level 12.0 Dodging
 - Level 15.0 Stealth
 - Level 6.0 Shields
 - Level 4.0 Spellcasting
 * Level 3.3 Translocations
 - Level 16.5 Invocations
 - Level 10.0 Evocations


You had 21 spell levels left.
You knew the following spells:

 Your Spells              Type           Power      Damage    Failure   Level
a - Apportation           Tloc           22%        N/A       32%         1
b - Blink                 Tloc           22%        N/A       45%         2

Your spell library contained the following spells:

 Spells                   Type           Power      Damage    Failure   Level
 Lesser Beckoning         Tloc           22%        N/A       45%         2
 Momentum Strike          Conj/Tloc      12%        3d8       69%         2
 Necrotise                Necr           8%         1d4       78%         1
 Slow                     Hex            8%         N/A       78%         1
 Summon Small Mammal      Summ           8%         N/A       78%         1
 Ensorcelled Hibernation  Hex/Ice        4%         N/A       89%         2
 Passwall                 Tmut/Erth      1%         N/A       89%         2
 Portal Projectile        Hex/Tloc       12%        N/A       89%         3
 Manifold Assault         Tloc           11%        N/A       97%         4
 Call Canine Familiar     Summ           2%         N/A       98%         3
 Confusing Touch          Hex            2%         N/A       98%         3
 Stone Arrow              Conj/Erth      4%         3d7       98%         3
 Summon Guardian Golem    Hex/Summ       2%         N/A       98%         3
 Swiftness                Air            2%         N/A       98%         3
 Tukima's Dance           Hex            2%         N/A       98%         3
 Vampiric Draining        Necr           2%         2d6       98%         3
 Airstrike                Air            1%         2d(1-17)  100%        4
 Petrify                  Tmut/Erth      2%         N/A       100%        4
 Summon Lightning Spire   Summ/Air       2%         N/A       100%        4
 Agony                    Necr           2%         N/A       100%        5
 Blade Hands              Tmut           1%         N/A       100%        5
 Lightning Bolt           Conj/Air       1%         1d12      100%        5
 Metabolic Englaciation   Hex/Ice        1%         N/A       100%        5
 Dispersal                Tloc           5%         N/A       100%        6
 Iron Shot                Conj/Erth      1%         9d1       100%        6
 Statue Form              Tmut/Erth      1%         N/A       100%        6
 Disjunction              Tloc           5%         N/A       100%        8
 Fire Storm               Conj/Fire      1%         7d1       100%        9


Dungeon Overview and Level Annotations

Branches:
Dungeon (15/15)            Temple (1/1) D:5            Lair (5/5) D:9
  Swamp (0/4) Lair:2        Snake (0/4) Lair:3        Slime (0/5) Lair:5
    Orc (2/2) D:12            Elf (0/3) Orc:2        Vaults (0/5) D:14
 Depths (1/4) D:15        Ossuary (visited)         Gauntlet (visited)

Altars:
Ashenzari
Cheibriados
Dithmenos
Elyvilon
Fedhas
Gozag
Hepliaklqana
Kikubaaqudgha
Makhleb
Nemelex Xobeh
Okawaru
Qazlal
Ru
Sif Muna
Trog
Uskayaw
Vehumet
Wu Jian
Xom
Yredelemnul
Zin
The Shining One
Jiyva
Lugonu

Shops:
D:2 [   D:3 [   D:14 [   Orc:2 ([*:

Portals:
Abyss: Lair:5

Annotations:
D:5 dig vault
D:6 exclusion: oklob plant
D:14 4 transporters
Lair:2 exclusion: 3 doors, Pokonic1's ghost, journeyman GrFi; jasper's ghost, adept DEEE
Lair:5 3 runed translucent doors, MrSquiggles's ghost, journeyman GnRe
Depths:1 Saint Roka


Innate Abilities, Weirdness & Mutations

You are small and have problems with some larger weapons.
You are completely attuned to the shadows.


Message History

Press: ? - help, Shift-Dir - straight line, f - Saint Roka
Aim: Saint Roka, wielding a +0 arbalest and wearing a +0 chain mail (misshapen and mutated)
The mass of ice explodes!
The iceblast engulfs Saint Roka!!
Saint Roka is lightly wounded.
Saint Roka says, "In the orcish mines, orcs kill the likes of YOU!"
Saint Roka invokes the aid of Beogh against you.
Beogh smites you!
Aiming: Iceblast
Press: ? - help, Shift-Dir - straight line, f/p - Saint Roka
Aim: Saint Roka, wielding a +0 arbalest and wearing a +0 chain mail (lightly wounded, misshapen and mutated)
The mass of ice explodes!
The iceblast engulfs Saint Roka!!
Saint Roka is moderately wounded.
Saint Roka shoots a bolt.
The bolt hits you!
Aiming: Iceblast
Press: ? - help, Shift-Dir - straight line, f/p - Saint Roka
Aim: Saint Roka, wielding a +0 arbalest and wearing a +0 chain mail (moderately wounded, misshapen and mutated)
The mass of ice explodes!
The iceblast engulfs Saint Roka!!
Saint Roka is heavily wounded.
You can now pass through a line of other dancers.
Aiming: Iceblast
Press: ? - help, Shift-Dir - straight line, f/p - Saint Roka
Aim: Saint Roka, wielding a +0 arbalest and wearing a +0 chain mail (moderately wounded, misshapen and mutated)
The mass of ice explodes!
The iceblast engulfs Saint Roka!!
Saint Roka is heavily wounded.
Saint Roka shoots a bolt.
The bolt hits you!
Aiming: Iceblast
Press: ? - help, Shift-Dir - straight line, f/p - Saint Roka
Aim: Saint Roka, wielding a +0 arbalest and wearing a +0 chain mail (heavily wounded, misshapen and mutated)
The mass of ice explodes!
The iceblast engulfs Saint Roka!
Saint Roka is heavily wounded.
Saint Roka invokes the aid of Beogh against you.
Beogh smites you!
* * * LOW HITPOINT WARNING * * *
Uskayaw will force your foes to helplessly watch your dance.
Uskayaw prepares the audience for your solo!
You are too injured to fight recklessly!
Saint Roka is no longer paralysed.
Saint Roka unwields a +0 arbalest.
Saint Roka wields a +4 heavy great sword.
Saint Roka hits you with a +4 heavy great sword!!
You die...

#....o....#
##.######.#
#.# #.# #.#
####'## #.#
#....)# ...
#.....#
#.....#
#...o.#
+..@..#
#.<...#
#.....#
#####+#


You could see Saint Roka (misshapen).

Vanquished Creatures
  Sojobo (Depths:1)
  Rupert (D:14)
  Gastronok (D:10)
  Kirke (D:15)
  An orc warlord (Orc:2)
  2 dire elephants
  A minotaur (Gauntlet)
  2 jiangshi (Depths:1)
  Josephine (D:12)
  A fire dragon (Depths:1)
  A great orb of eyes (D:15)
  A rakshasa (D:14)
  Erica (D:6)
  An anaconda (shapeshifter) (Lair:5)
  4 hydras
  6 two-headed ogres
  6 centaur warriors
  A tengu warrior (Depths:1)
  Urug (D:14)
  A vampire mage (Depths:1)
  4 orc high priests (Orc:2)
  2 boulder beetles
  4 thrashing horrors (Lair:5)
  3 skeletal warriors
  Sonja (Lair:3)
  A skyshark (Lair:2)
  A glowing orange brain (Depths:1)
  A bog body (Lair:1)
  A swamp dragon (shapeshifter) (D:14)
  An orange crystal statue (Gauntlet)
  Pikel (D:7)
  7 orc knights
  6 orc sorcerers
  2 deep elf pyromancers
  2 wolf spiders (D:15)
  12 ugly things
  A moth of wrath (shapeshifter) (D:13)
  19 elephants
  10 cyclopes
  3 manticores
  4 black mambas
  2 smoke demons (Lair:5)
  A gargoyle (D:13)
  8 cane toads
  An ice statue (Lair:1)
  2 large abominations
  Maggie (D:7)
  5 torpor snails
  An unseen horror (D:11)
  2 freezing wraiths
  5 rime drakes
  7 komodo dragons
  A kobold demonologist (D:10)
  An ice devil (Lair:1)
  2 ancient zymes (Lair:5)
  6 trolls
  3 polar bears
  Prince Ribbit (D:7)
  11 blink frogs (Lair:5)
  9 dream sheep (Lair:5)
  2 hornets
  4 wyverns
  15 slime creatures
  7 shadows
  6 wraiths
  32 yaks
  17 humans
  A vampire (D:13)
  A ynoxinul (Lair:5)
  10 basilisks
  A hog (D:15)
  2 steam dragons (D:7)
  4 chaos spawn (Lair:5)
  3 wargs
  7 vampire mosquitoes
  5 swamp worms
  An acid dragon (D:9)
  15 water moccasins
  An ice beast (D:7)
  40 orc warriors
  2 black bears
  4 sky beasts
  10 centaurs
  8 ogres
  7 wolves
  4 lemures
  A kobold brigand (D:10)
  5 bullfrogs
  6 scorpions
  5 wights
  2 killer bees (D:8)
  10 small abominations
  An electric eel (Lair:4)
  7 howler monkeys
  2 hounds
  24 orc priests
  A human zombie (Ossuary)
  13 jellies (Lair:5)
  A gnoll bouda (D:7)
  A sleepcap (D:8)
  3 iguanas
  32 orc wizards
  A polar bear simulacrum (Lair:1)
  3 spriggan simulacra (Lair:1)
  A wolf simulacrum (Lair:1)
  3 mummies (Ossuary)
  2 hound zombies (Ossuary)
  4 gnolls (D:7)
  8 adders
  2 shadow imps
  2 ufetubi
  2 adder zombies (Ossuary)
  A worm (D:3)
  3 dart slugs
  78 orcs
  3 endoplasms
  6 giant cockroaches
  2 gnoll zombies (Ossuary)
  8 goblins
  8 hobgoblins
  6 quokkas
  2 ball pythons (D:1)
  5 bats
  A frilled lizard (D:3)
  2 goblin zombies
  A jackal zombie (Ossuary)
  10 kobolds
  A kobold zombie (D:9)
  An orc zombie (Ossuary)
  5 rats
  A rat zombie (Ossuary)
685 creatures vanquished.

Vanquished Creatures (collateral kills)
  2 tengu reavers (Depths:1)
  Joseph (D:9)
  A spriggan (Lair:5)
  A wyvern (D:9)
  Grum (Lair:1)
  2 orc warriors
  A black bear (D:7)
  A wolf (Lair:1)
  3 wights (D:9)
  A killer bee (D:8)
  A mummy (Ossuary)
  3 gnolls (D:7)
  An orc (D:9)
19 creatures vanquished.

Vanquished Creatures (others)
  A two-headed ogre (D:9)
  2 small abominations (Gauntlet)
  An ice beast (D:7)
  An ogre (D:6)
  An elf zombie (Ossuary)
  A gnoll sergeant (D:7)
  A killer bee (D:8)
  An orc priest (Orc:1)
  A gnoll (D:7)
  A shadow imp (D:7)
  An orc (D:10)
  18 fungi
  43 plants
73 creatures vanquished.

Grand Total: 777 creatures vanquished

Notes
Turn   | Place    | Note
-------+----------+-------------------------------------------
     0 | D:1      | browni3141 the Kobold Artificer began the quest for the
                  | Orb.
     0 | D:1      | Reached XP level 1. HP: 12/12 MP: 1/1
   216 | D:1      | Reached XP level 2. HP: 16/16 MP: 2/2
   503 | D:1      | Reached XP level 3. HP: 20/20 MP: 3/3
   885 | D:2      | Reached skill level 1 in Short Blades
   918 | D:2      | You fall into a shaft and drop 2 floors!
   927 | D:4      | Found a sand-covered staircase.
   932 | Ossuary  | Entered an ossuary
   955 | Ossuary  | Reached XP level 4. HP: 23/25 MP: 4/4
  1062 | Ossuary  | Reached XP level 5. HP: 11/29 MP: 5/5
  1277 | Ossuary  | Reached skill level 5 in Short Blades
  1351 | Ossuary  | Reached XP level 6. HP: 34/34 MP: 6/6
  1471 | D:4      | Found the +18 Lear's hauberk
  1475 | D:4      | Noticed an ogre
  1612 | D:3      | Found a faded altar of an unknown god.
  1802 | D:3      | Found Ciomm's Armour Emporium.
  2491 | D:3      | Found a hazy altar of Hepliaklqana.
  2491 | D:3      | Found a shadowy altar of Dithmenos.
  2491 | D:3      | Noticed a shadow
  3218 | D:2      | Found Qaciom's Armour Shop.
  3437 | D:4      | Found a sparkling altar of Nemelex Xobeh.
  3571 | D:4      | Noticed an ogre
  4099 | D:4      | Killed an ogre
  4100 | D:4      | Reached skill level 1 in Throwing
  4100 | D:4      | Reached skill level 1 in Armour
  4100 | D:4      | Reached XP level 7. HP: 40/40 MP: 7/7
  5265 | D:4      | Found a sparkling altar of Nemelex Xobeh.
  5442 | D:5      | Entered Level 5 of the Dungeon
  5496 | D:5      | Reached XP level 8. HP: 48/48 MP: 8/8
  5585 | D:5      | Found a glowing golden altar of the Shining One.
  5918 | D:5      | Found a staircase to the Ecumenical Temple.
  5930 | Temple   | Entered the Ecumenical Temple
  6141 | Temple   | Became a worshipper of Uskayaw the Reveller
  6356 | D:6      | Noticed a two-headed ogre
  6377 | D:6      | Reached * piety under Uskayaw
  6398 | D:6      | Reached ** piety under Uskayaw
  6423 | D:6      | Reached *** piety under Uskayaw
  6452 | D:6      | Found an iron altar of Okawaru.
  6583 | D:6      | Killed a two-headed ogre
  6584 | D:6      | Reached skill level 5 in Armour
  6584 | D:6      | Reached skill level 5 in Invocations
  6584 | D:6      | Reached XP level 9. HP: 39/52 MP: 5/13
  6661 | D:6      | Reached skill level 6 in Invocations
  6898 | D:6      | Found a blossoming altar of Fedhas.
  6915 | D:6      | Noticed an oklob plant
  7194 | D:7      | Reached **** piety under Uskayaw
  7199 | D:7      | Noticed Pikel
  7213 | D:7      | Reached ***** piety under Uskayaw
  7231 | D:7      | Killed Pikel
  7268 | D:7      | Found an ornate altar of the Wu Jian Council.
  7333 | D:7      | Noticed Prince Ribbit
  7346 | D:7      | Killed Prince Ribbit
  7347 | D:7      | Reached skill level 7 in Invocations
  7435 | D:7      | Reached XP level 10. HP: 27/56 MP: 9/15
  7809 | D:7      | Reached skill level 8 in Invocations
  7877 | D:7      | Noticed Maggie
  7896 | D:7      | Killed Maggie
  8461 | D:8      | Noticed a cyclops
  8464 | D:8      | Killed a cyclops
  8572 | D:8      | Reached skill level 5 in Dodging
  8889 | D:8      | Noticed Erica
  8922 | D:6      | Killed Erica
  9348 | D:8      | Reached XP level 11. HP: 61/61 MP: 17/17
  9798 | D:9      | Noticed a two-headed ogre
  9836 | D:9      | Reached skill level 9 in Invocations
 10042 | D:9      | Found a staircase to the Lair.
 10337 | D:9      | Noticed Joseph
 10348 | D:9      | Killed Joseph
 10559 | D:9      | Found a radiant altar of Vehumet.
 10642 | D:9      | Reached skill level 10 in Invocations
 10881 | D:9      | Found a runed translucent door.
 10885 | D:9      | Found a basalt altar of Yredelemnul.
 11073 | D:10     | Entered Level 10 of the Dungeon
 11073 | D:10     | Noticed a two-headed ogre
 11078 | D:10     | Killed a two-headed ogre
 11079 | D:10     | Reached skill level 10 in Short Blades
 11101 | D:10     | Found a shimmering altar of Xom.
 12085 | D:10     | Reached XP level 12. HP: 64/66 MP: 20/20
 12087 | D:10     | Reached skill level 11 in Invocations
 12273 | D:10     | Noticed Gastronok
 12388 | D:10     | Killed Gastronok
 12389 | D:10     | Reached skill level 5 in Stealth
 12650 | D:11     | Noticed a two-headed ogre
 12671 | D:11     | Killed a two-headed ogre
 12672 | D:11     | Reached skill level 5 in Evocations
 13255 | D:11     | Noticed a two-headed ogre
 13263 | D:11     | Killed a two-headed ogre
 13665 | D:12     | Identified the +4 dagger of Lies {freeze, rPois rF+ Dex+4}
 13668 | D:12     | Found a staircase to the Orcish Mines.
 13679 | D:12     | Noticed a two-headed ogre
 13711 | D:12     | Killed a two-headed ogre
 13911 | D:12     | Noticed Josephine
 13925 | D:12     | Killed Josephine
 13926 | D:12     | Reached skill level 5 in Fighting
 13926 | D:12     | Reached skill level 12 in Invocations
 13926 | D:12     | Reached XP level 13. HP: 27/72 MP: 13/22
 14950 | Lair:1   | Entered Level 1 of the Lair of Beasts
 15661 | Lair:1   | Noticed Grum
 15687 | Lair:1   | Killed Grum
 17348 | Lair:2   | Found a staircase to the Swamp.
 17560 | Lair:2   | Reached skill level 10 in Stealth
 17569 | Lair:2   | Found a runed translucent gate.
 17571 | Lair:2   | Found a runed translucent gate.
 17572 | Lair:2   | Found a runed translucent gate.
 17856 | Lair:2   | Reached skill level 1 in Shields
 17856 | Lair:2   | Reached skill level 13 in Invocations
 18450 | Lair:2   | Noticed jasper's ghost (adept DEEE)
 18450 | Lair:2   | Noticed Pokonic1's ghost (journeyman GrFi)
 18484 | Lair:3   | Noticed Sonja
 18486 | Lair:3   | Killed Sonja
 18906 | Lair:3   | Noticed a six-headed hydra
 18921 | Lair:3   | Killed a six-headed hydra
 19010 | Lair:3   | Found a staircase to the Snake Pit.
 19678 | Lair:4   | Reached XP level 14. HP: 63/80 MP: 13/23
 19747 | Lair:4   | Noticed a dire elephant
 19776 | Lair:4   | Killed a dire elephant
 20321 | Lair:4   | Found the +15 Maxwell's patent armour {-Cast -Tele rElec
                  | Will+ rCorr}
 20393 | Lair:4   | Found a snail-covered altar of Cheibriados.
 20650 | Lair:5   | Entered Level 5 of the Lair of Beasts
 20717 | Lair:5   | Reached skill level 10 in Dodging
 21090 | Lair:5   | Found a runed translucent gate.
 21092 | Lair:5   | Found a runed translucent gate.
 21092 | Lair:5   | Noticed MrSquiggles's ghost (journeyman GnRe)
 21093 | Lair:5   | Found a runed translucent gate.
 21384 | Lair:5   | Reached skill level 10 in Evocations
 21388 | Lair:5   | Reached ****** piety under Uskayaw
 21416 | Lair:5   | Found a staircase to the Slime Pits.
 21417 | Lair:5   | Found a viscous altar of Jiyva.
 22759 | Lair:5   | Reached skill level 14 in Invocations
 22856 | Lair:5   | Reached XP level 15. HP: 86/86 MP: 15/25
 23788 | Lair:5   | Identified the +8 spear "Stringbean" {protect, rElec}
 24098 | Lair:5   | Found a corrupted altar of Lugonu.
 24101 | Lair:5   | Found a one-way gate to the infinite horrors of the Abyss.
 24803 | Orc:1    | Entered Level 1 of the Orcish Mines
 24910 | Orc:2    | Entered Level 2 of the Orcish Mines
 24981 | Orc:1    | Reached skill level 5 in Shields
 25478 | Orc:2    | Found a staircase to the Elven Halls.
 25840 | Orc:2    | Noticed an orc warlord
 25857 | Orc:2    | Killed an orc warlord
 26747 | Orc:2    | Reached skill level 15 in Invocations
 26963 | Orc:2    | Found Potit's Antique Armour Shop.
 26963 | Orc:2    | Found Kehonure's Antique Weapon Boutique.
 26972 | Orc:2    | Found Gyofrai's General Store.
 26973 | Orc:2    | Found Seedinn's Book Shop.
 27069 | Orc:2    | Bought a potion of invisibility for 112 gold pieces
 27069 | Orc:2    | Bought a phial of floods for 560 gold pieces
 27069 | Orc:2    | Bought a scroll of fog for 56 gold pieces
 27069 | Orc:2    | Bought a scroll of identify for 28 gold pieces
 27615 | D:13     | Identified the +2 dagger "Adwymmoc" {flame, rC+ Stlth+}
 28622 | D:14     | Reached XP level 16. HP: 77/94 MP: 14/27
 28751 | D:14     | Found a transporter.
 28755 | D:14     | Found a transporter.
 29298 | D:14     | Found Zuocwex's Armour Boutique.
 29312 | D:14     | Bought a +1 cloak of stealth for 214 gold pieces
 29367 | D:14     | Noticed Rupert
 29374 | D:14     | Noticed Urug
 29378 | D:14     | Found a gate to the Vaults.
 29381 | D:14     | Killed Urug
 29383 | D:14     | Killed Rupert
 29561 | D:14     | Found a transporter.
 29563 | D:14     | Found a transporter.
 30343 | D:15     | Entered Level 15 of the Dungeon
 30388 | D:15     | Found a white marble altar of Elyvilon.
 30706 | D:15     | Found a gate leading to a gauntlet.
 30711 | Gauntlet | Entered a Gauntlet
 30711 | Gauntlet | Found a transporter.
 30720 | Gauntlet | Found a transporter.
 30738 | Gauntlet | Found a transporter.
 30751 | Gauntlet | Found a transporter.
 30769 | Gauntlet | Found a transporter.
 30778 | Gauntlet | Found a runed translucent gate.
 30779 | Gauntlet | Found a transporter.
 30779 | Gauntlet | Found a runed translucent gate.
 30780 | Gauntlet | Found a runed translucent gate.
 30789 | Gauntlet | Found a transporter.
 30807 | Gauntlet | Found a transporter.
 30826 | Gauntlet | Found a transporter.
 30838 | Gauntlet | Found a transporter.
 31179 | Gauntlet | Found a transporter.
 31179 | Gauntlet | Found a transporter.
 31215 | Gauntlet | Found a transporter.
 31233 | Gauntlet | HP: 4/97 [enormous slime creature[an orange crystal statue]
                  | (72)]
 31234 | Gauntlet | Found a transporter.
 31238 | Gauntlet | Got the Codex of the Blazing Volcano
 31554 | Gauntlet | Identified the ring "Daump" {rC+ Int+4}
 31754 | Gauntlet | Reached skill level 16 in Invocations
 31756 | Gauntlet | Identified the +4 dagger of the Scorned {flame, Dex+6}
 31853 | D:15     | Reached skill level 10 in Fighting
 32412 | D:15     | Identified the +4 scale mail of Ferezyl {Dex+7}
 32458 | D:15     | Noticed Kirke
 32476 | D:15     | Killed Kirke
 32502 | D:15     | Found a staircase to the Depths.
 32783 | D:15     | Reached skill level 15 in Stealth
 32922 | D:15     | Found a glowing golden altar of the Shining One.
 32978 | D:15     | Identified the +2 short sword of the Thieving Vulture
                  | {antimagic, Will+ Str+4}
 33031 | D:15     | Identified the +9 sling of the Doomed Warrior {freeze,
                  | rElec Dex+3}
 33768 | Depths:1 | Entered Level 1 of the Depths
 33783 | Depths:1 | Reached skill level 1 in Spellcasting
 34019 | Depths:1 | Learned a level 1 spell: Apportation
 34022 | Depths:1 | Learned a level 2 spell: Blink
 34031 | Depths:1 | Noticed Sojobo
 34031 | Depths:1 | Noticed a tengu reaver
 34031 | Depths:1 | Noticed a tengu reaver
 34043 | Depths:1 | Killed Sojobo
 34044 | Depths:1 | Reached skill level 1 in Translocations
 34052 | Depths:1 | Killed a tengu reaver
 34056 | Depths:1 | Killed a tengu reaver
 34057 | Depths:1 | Reached XP level 17. HP: 50/102 MP: 21/29
 34102 | Depths:1 | Noticed Saint Roka
 34481 | Depths:1 | Slain by Saint Roka

Illustrated notes

Levels and vault maps discovered:
D:1:      dpeg_arrival_three_smaller_balls, layout_loops_ring
D:2:      layout_rooms, serial_shops, nicolae_shop_hallway_stairs
D:3:      layout_basic, riverfiend_overflow_shadow_ancestor, serial_shops,
          nicolae_shop_statue_plus,
          dreamdust_ecumenical_altar_angels_and_demons, lightli_corner_chamber
D:4:      layout_loops_cross, kennysheep_mini, enter_ossuary_3
D:5:      cheibrodos_quashed, layout_rooms, nicolae_overflow_crystal_walls,
          minmay_temple_entry_fiery, kennysheep_generic_room_7
D:6:      layout_rooms, mainiacjoe_overflow_alcove_2, tgw_fedhas
D:7:      layout_gridville, nzn_wu_jian_contemplation, nicolae_grassy_gnolls,
          uniq_maggie, uniq_prince_ribbit1, uniq_pikel
D:8:      minmay_angry_zag, layout_basic, uniq_erica
D:9:      layout_loops_cross, vehumet_crystals, dk_yredelemnul_ordeal,
          minmay_lair_entry_grove, worms_lemuel, uniq_joseph
D:10:     layout_grid_maze, old_standard_altar, uniq_gastronok
D:11:     layout_roguey
D:12:     layout_small_grid, erik_orc_4, uniq_josephine
D:13:     layout_basic
D:14:     layout_irregular_city, david_vaults_3, minmay_splitting_lines,
          serial_shops, nicolae_shop_hallway_plus, nicolae_diode_quadrants
D:15:     hangedman_depths_entry_try_elsewhere_first, layout_loops_corners,
          tso_metal_star, gauntlet_entry_generic, elyvilon_altar_5, uniq_kirke
Temple:   nicolae_temple_godzebo
Lair:1:   dreamdust_isle_of_ice, layout_gridlike, uniq_grum
Lair:2:   layout_long_grid, minmay_swamp_entry_worms, gammafunk_ghost_cemetery,
          lemuel_fruit_tree
Lair:3:   layout_cave_shapes, dummy_snake_entry, uniq_sonja
Lair:4:   beast_lair_carwin_large_1, layout_gridlike,
          nicolae_quartered_pool_little, kennysheep_snail_temple
Lair:5:   hellmonk_lair_end_abyssal_woods, layout_cave_pods,
          minmay_slime_entry_jelly_boxes, gammafunk_ghost_hydra_chop,
          chequers_serial_rivers_room_b, grunt_megastairs_1,
          infiniplex_staircase_pool
Orc:1:    layout_diamond_mine, guppyfry_library_mini, uniq_urug
Orc:2:    st_orc_congregation, layout_caves
Depths:1: layout_gridlike, nicolae_hell_entry_hellmouth_sunbeams, st_stairs_12,
          hellmonk_guarded_unrand_salamander, uniq_saint_roka, uniq_sojobo

Skill      XL: |  1  2  3  4  5  6  7  8  9 10 11 12 13 14 15 16 17 |
---------------+----------------------------------------------------+-----
Stealth        | 2 3 4 7 10 12 15 | 15.0
Short Blades   | 2 4 5 6 10 12 14 | 14.0
Dodging        | 3 4 8 9 10 12 | 12.0
Fighting       | 2 4 5 6 7 8 10 | 10.0
Throwing       | 1 2 4 |  4.0
Armour         | 1 2 5 6 8 |  8.0
Invocations    | 5 7 8 10 12 13 14 15 16 | 16.5
Evocations     | 4 6 9 10 | 10.0
Shields        | 2 4 6 |  6.0
Spellcasting   | 4 |  4.0
Translocations | 2 3 |  3.3

Action                     |  1- 3 |  4- 6 |  7- 9 | 10-12 | 13-15 | 16-18 || total
---------------------------+-------+-------+-------+-------+-------+-------++-------
  Melee: Club              |    43 |       |       |       |       |       ||    43
         Punch             |     1 |     4 |     2 |    13 |     6 |       ||    26
         Short sword       |    40 |   181 |   261 |   905 |   184 |       ||  1571
         Rapier            |       |       |       |       |  1395 |   387 ||  1782
         Dagger            |       |       |       |       |    18 |   124 ||   142
  Throw: Dart              |       |       |       |       |    21 |     2 ||    23
 Invoke: Stomp             |       |       |       |     8 |   127 |    45 ||   180
         Line Pass         |       |       |       |       |     3 |     9 ||    12
         Grand Finale      |       |       |       |       |     1 |       ||     1
  Evoke: Wand              |       |    12 |     7 |    26 |    12 |    16 ||    73
         Piece from Xom's  |       |     1 |     6 |    18 |       |     3 ||    28
         Box of beasts     |       |       |       |     1 |     2 |     2 ||     5
         Phantom mirror    |       |       |       |       |       |     1 ||     1
    Use: Scroll            |     1 |       |     1 |     7 |     9 |     7 ||    25
         Potion            |       |       |       |       |     1 |     3 ||     4
   Stab: Sleeping          |    11 |    16 |       |       |    24 |     9 ||    60
         Paralysed         |       |     1 |     4 |    38 |    31 |     7 ||    81
         Invisible         |       |       |       |     1 |     3 |       ||     4
         Distracted        |       |       |       |       |     8 |       ||     8
         Confused          |       |       |       |       |     4 |     6 ||    10
 Armour: Leather armour    |    24 |    29 |       |       |       |       ||    53
         Chain mail        |       |     8 |   120 |   398 |   672 |   186 ||  1384
         Scale mail        |       |       |       |       |       |    28 ||    28
  Dodge: Dodged            |    60 |    86 |   115 |   460 |   904 |   311 ||  1936
  Block: Buckler           |       |       |       |       |   281 |   100 ||   381

Table legend: (Time is in decaauts)
 A = Elapsed time spent in this place.
 B = Non-inter-level travel time spent in this place.
 C = Inter-level travel time spent in this place.
 D = Time resting spent in this place.
 E = Time spent auto-exploring this place.
 F = Levels seen in this place.
 G = Mean time per level.
                   A        B        C        D        E       F      G
               +--------+--------+--------+--------+--------+-----+--------+
         Total |  33232 |  31038 |   2194 |   3585 |  20773 |  26 | 1278.2 |
       Dungeon |  18972 |  17184 |   1788 |   1309 |  12248 |  15 | 1264.8 |
        Temple |    236 |    212 |     24 |      0 |    190 |   1 |  236.0 |
          Lair |   9304 |   9055 |    249 |   1100 |   6406 |   5 | 1860.8 |
  Orcish Mines |   2607 |   2475 |    132 |    362 |   1468 |   2 | 1303.5 |
        Depths |    552 |    552 |      0 |    287 |     87 |   1 |  552.0 |
       Ossuary |    493 |    493 |      0 |    134 |     77 |   1 |  493.0 |
      Gauntlet |   1066 |   1066 |      0 |    392 |    296 |   1 | 1066.0 |
               +--------+--------+--------+--------+--------+-----+--------+

Top non-repeatable levels by time:
  Lair:5: 3788 daAuts
  Lair:2: 1862 daAuts
    D:14: 1850 daAuts
    D:15: 1824 daAuts
   Orc:2: 1767 daAuts
     D:4: 1761 daAuts
     D:3: 1714 daAuts
  Lair:1: 1605 daAuts
    D:10: 1559 daAuts
     D:9: 1453 daAuts
     D:8: 1296 daAuts
  Lair:4: 1295 daAuts
    D:12: 1224 daAuts
     D:7: 1218 daAuts
    D:11: 1089 daAuts
